 Dungeon Crawl Stone Soup version 0.21.1-1-g345015f (webtiles) character file.

217 Iko the Bolt Thrower (level 5, -5/49 HPs)
             Began as a Troll Hunter on May 24, 2018.
             Slain by a wight
             ... wielding a cursed +4 war axe
              (15 damage)
             ... on level 6 of the Dungeon.
             The game lasted 00:05:05 (438 turns).

Iko the Bolt Thrower (Troll Hunter)                  Turns: 438, Time: 00:05:06

Health: -5/49      AC:  5    Str: 20    XL:     5   Next: 62%
Magic:  4/4        EV: 10    Int:  8    God:
Gold:   62         SH:  0    Dex: 10    Spells: 4/4 levels left

rFire    . . .     SeeInvis .   a - +2 hand crossbow
rCold    . . .     Gourm    +   (no shield)
rNeg     . . .     Faith    .   c - +0 robe
rPois    .         Spirit   .   (helmet restricted)
rElec    .         Reflect  .   (no cloak)
rCorr    .         Harm     .   (gloves unavailable)
MR       .....                  (boots unavailable)
Stlth    +.........             (no amulet)
HPRegen  0.56/turn              (no ring)
MPRegen  0.09/turn              (no ring)

@: no status effects
A: large, unfitting armour, claws 3, fast metabolism 3, gourmand, regeneration
1, shaggy fur 1, tough skin 2
a: no special abilities


You were on level 6 of the Dungeon.
You were not hungry.

You visited 1 branch of the dungeon, and saw 6 of its levels.

You collected 62 gold pieces.

Inventory:

Hand Weapons
 a - a +2 hand crossbow (weapon)
 b - a +0 short sword
Missiles
 d - 6 bolts (quivered)
Armour
 c - a +0 robe (worn)
Scrolls
 e - 2 scrolls of magic mapping
Potions
 g - a potion of agility
Comestibles
 f - 4 rations


   Skills:
 + Level 2.1 Fighting
 + Level 4.4 Crossbows
 + Level 2.1 Dodging
 + Level 0.3 Stealth


You had 4 spell levels left.
You didn't know any spells.

Dungeon Overview and Level Annotations

Branches:
Dungeon (6/15)             Temple (0/1) D:4

Altars:


Innate Abilities, Weirdness & Mutations

You are too large for most types of armour.
You have claws for hands.
Your metabolism is lightning-fast.
You like to eat raw meat.
Your natural rate of healing is unusually fast.
You are covered in fur. (AC +1)
You have very tough skin. (AC +2)


Message History

Your Dodging skill increases to level 2!
You have reached level 5!
Firing (i - inventory):
d - 9 bolts (quivered)
Press: ? - help, Shift-Dir - straight line, f - wight
Aim: a wight, wielding an enchanted war axe and wearing a robe You shoot a bolt.
The bolt hits the wight.
The wight is moderately damaged.
Firing (i - inventory):
d - 8 bolts (quivered)
Press: ? - help, Shift-Dir - straight line, f - wight, p - wight
Aim: a wight, wielding an enchanted falchion and wearing a robe You shoot a bolt.
The bolt hits the wight!
The wight is severely damaged.
The wight closely misses you.
Firing (i - inventory):
d - 7 bolts (quivered)
Press: ? - help, Shift-Dir - straight line, f/p - wight
Aim: a wight, wielding an enchanted falchion and wearing a robe You shoot a bolt.
The bolt hits the wight.
The wight is severely damaged.
The wight hits you with an enchanted war axe!
You die...

##### #..<#
##@## #z#
..(....z(((z.z.
####.##.#####z.
.. #.# ## ...
... ... ...##


You could see 2 wights.

Vanquished Creatures
  Menkaure (D:6)
  An orc priest (D:6)
  An iguana (D:5)
  An orc wizard (D:6)
  An adder (D:2)
  A shadow imp (D:5)
  A dart slug (D:2)
  An orc (D:6)
  A bat (D:3)
  2 giant cockroaches (D:1)
  3 goblins
  A rat (D:2)
15 creatures vanquished.

Notes
Turn   | Place    | Note
-------+----------+-------------------------------------------
     0 | D:1      | Iko the Troll Hunter began the quest for the Orb.
     0 | D:1      | Reached XP level 1. HP: 19/19 MP: 0/0
   133 | D:2      | Reached skill level 3 in Crossbows
   133 | D:2      | Reached XP level 2. HP: 27/27 MP: 1/1
   345 | D:5      | Entered Level 5 of the Dungeon
   352 | D:5      | Reached XP level 3. HP: 26/35 MP: 2/2
   426 | D:6      | Noticed Menkaure
   428 | D:6      | Reached XP level 4. HP: 42/42 MP: 3/3
   435 | D:6      | Killed Menkaure
   435 | D:6      | Reached skill level 4 in Crossbows
   435 | D:6      | Reached XP level 5. HP: 7/49 MP: 4/4
   438 | D:6      | Slain by a wight

Skill      XL: |  1  2  3  4 |
---------------+-------------+-----
Crossbows      | 3 4 |  4.4
Fighting       | 2 |  2.1
Dodging        | 2 |  2.1
Stealth        | |  0.3

Action                   |  1- 3 |  4- 6 || total
-------------------------+-------+-------++-------
 Fire: Hand crossbow     |    35 |     9 ||    44
  Use: Scroll            |     4 |       ||     4
  Eat: Ration            |     1 |       ||     1
Armor: Robe              |    10 |       ||    10
Dodge: Dodged            |     7 |     1 ||     8
